 Dungeon Crawl Stone Soup version 0.30-a0-1103-g25895a7845 (webtiles) character file.

Game seed: 13618280173424684297

144 Pimp the Firebug (level 5, 0/35 HPs)
             Began as a Demonspawn Fire Elementalist on Apr 18, 2023.
             Slain by Sigmund
             ... wielding a +0 scythe
              (4 damage)
             ... on level 3 of the Dungeon.
             The game lasted 00:07:01 (2375 turns).

Pimp the Firebug (Demonspawn Fire Elementalist)     Turns: 2375, Time: 00:07:02

Health: 0/35       AC:  5    Str: 14 (15) XL:     5   Next: 5%
Magic:  2/9        EV: 12    Int: 15 (18) God:
Gold:   201        SH:  0    Dex: 12 (13) Spells: 6/9 levels left

rFire   . . .      SeeInvis .    c - +0 short sword
rCold   . . .      Faith    .    (no shield)
rNeg    . . .      Spirit   .    a - +0 robe
rPois   .          Reflect  .    d - +0 helmet
rElec   .          Rampage  .    (no cloak)
rCorr   .                        (no gloves)
Will    .....                    (no boots)
Stlth   ++                       (no amulet)
HPRegen 0.25/turn                h - +6 ring of strength
MPRegen 0.22/turn                (no ring)

@: attractive
A: claws 1, slimy green scales 1, magic regeneration, demonic magic 1
a: no special abilities


You were on level 3 of the Dungeon.
You visited 1 branch of the dungeon, and saw 3 of its levels.

You collected 201 gold pieces.

Inventory:

Hand Weapons
 c - a +0 short sword (weapon)
Armour
 a - a +0 robe (worn)
 d - a +0 helmet (worn)
Jewellery
 h - a +6 ring of strength (left claw)
Scrolls
 b - a scroll of fog {unknown}
 f - a scroll of identify
 g - a scroll of enchant weapon {unknown}
 k - a scroll of vulnerability {unknown}
Potions
 j - 2 potions of degeneration


   Skills:
 + Level 0.0 Fighting
 + Level 0.0 Short Blades
 + Level 0.1 Armour
 + Level 2.6 Dodging
 - Level 2.6 Stealth
 + Level 2.7 Spellcasting
 + Level 2.3 Conjurations
 + Level 3.3 Fire Magic


You had 6 spell levels left.
You knew the following spells:

 Your Spells              Type           Power      Damage    Failure   Level
a - Foxfire               Conj/Fire      40%        2x1d6     6%          1
b - Scorch                Fire           24%        2d6       8%          2

Your spell library contained the following spells:

 Spells                   Type           Power      Damage    Failure   Level
 Kiss of Death            Conj/Necr      20%        2d7       13%         1
 Ensorcelled Hibernation  Hex/Ice        4%         N/A       30%         2
 Passwall                 Tmut/Erth      1%         N/A       30%         2
 Inner Flame              Hex/Fire       7%         N/A       30%         3
 Volatile Blastmotes      Fire/Tloc      14%        2d11      30%         3
 Confusing Touch          Hex            2%         N/A       52%         3
 Swiftness                Air            2%         N/A       52%         3
 Flame Wave               Conj/Fire      10%        2d6       54%         4
 Dispel Undead            Necr           2%         3d7       90%         4


Dungeon Overview and Level Annotations

Branches:
Dungeon (3/15)

Altars:
Dithmenos

Annotations:
D:3 Sigmund


Innate Abilities, Weirdness & Mutations

You have sharp fingernails.
You are partially covered in slimy green scales. (AC +2)
You regenerate magic rapidly.
Spells you cast may paralyse adjacent enemies.


Message History

Something hits you but does no damage. Something is attracted toward you.
It was a potion of degeneration.
There was something very wrong with that liquid.
You feel weakened.
You feel dopey.
You feel clumsy. Something hits you.
You feel less confused. Something is attracted toward you.
You hit something. Something hits you!
* * * LOW HITPOINT WARNING * * *
Casting: Scorch (safe; 8% risk of failure)
Confirm with . or Enter, or press ? or * to list all spells.
You conjure some foxfire!
Malevolent energies surge around you.
You hear some strange, mumbled words.
You are confused.
You miss something.
The foxfire hits something. x2
Something hits you but does no damage.
You're too confused to cast spells.
Sorry, you're not good enough to have a special ability.
You're too confused to cast spells.
Sorry, you're not good enough to have a special ability.
You're too confused to cast spells.
Sorry, you're not good enough to have a special ability.
You're too confused to move!
You hear some strange, mumbled words.
Something tries to affect you, but you resist.
A magic dart appears from out of thin air!
The magic dart hits you.
* * * LOW HITPOINT WARNING * * *
Something is attracted toward you.
You bump into the rock wall.
You hear some strange, mumbled words.
A magic dart appears from out of thin air!
The magic dart hits you.
* * * LOW HITPOINT WARNING * * *
Okay, then.
You are too confused!
You miss something.
You feel less confused. Something hits you.
You die...

# #.#....# # #.#....... #
#.##...#.# ....~~ ..
#.##...#.# ....~~ ...
#.##...#.# #...... .. #.#
#.# ...~... .. #.# #.#
....... .. #.# #.#
....... ..
####.######@#####....##
#..........{.)........#
#.#######.ยง.###.........
# #...# #####(##.# #...#
# #...# ....+ ##...#
#...#


There were no monsters in sight!

Vanquished Creatures
  2 adders
  4 gnolls (D:3)
  2 worms
  5 dart slugs
  3 orcs (D:3)
  6 endoplasms
  6 goblins
  7 hobgoblins
  3 jackals (D:2)
  2 quokkas
  6 ball pythons
  7 bats
  4 frilled lizards
  5 kobolds
  7 rats
69 creatures vanquished.

Vanquished Creatures (others)
  158 foxfires
158 creatures vanquished.

Grand Total: 227 creatures vanquished

Notes
Turn   | Place    | Note
-------+----------+-------------------------------------------
     0 | D:1      | Pimp the Demonspawn Fire Elementalist began the quest for
                  | the Orb.
     0 | D:1      | Reached XP level 1. HP: 13/13 MP: 3/3
     1 | D:1      | Noticed an electric eel
   319 | D:1      | Gained mutation: You are partially covered in slimy green
                  | scales. (AC +2) [demonic ancestry]
   319 | D:1      | Reached XP level 2. HP: 14/19 MP: 3/5
   530 | D:1      | Found a faded altar of an unknown god.
   677 | D:1      | Reached skill level 3 in Fire Magic
   677 | D:1      | Gained mutation: You have sharp fingernails. [demonic
                  | ancestry]
   677 | D:1      | Reached XP level 3. HP: 19/24 MP: 3/6
  1569 | D:2      | Gained mutation: You regenerate magic rapidly. [demonic
                  | ancestry]
  1569 | D:2      | Reached XP level 4. HP: 30/30 MP: 4/7
  1890 | D:3      | Found a shadowy altar of Dithmenos.
  2343 | D:3      | Noticed Sigmund
  2348 | D:3      | Learned a level 2 spell: Scorch
  2360 | D:3      | Gained mutation: Spells you cast may paralyse adjacent
                  | enemies. [demonic ancestry]
  2360 | D:3      | Reached XP level 5. HP: 18/35 MP: 0/9
  2375 | D:3      | Slain by Sigmund

Illustrated notes

Levels and vault maps discovered:
D:1:      arrival_aquarium_a, layout_loops_ring,
          ebering_ecumenical_altar_sacrificial, kennysheep_pointless_box
D:2:      layout_basic
D:3:      layout_basic, nicolae_overflow_ecumenical_swirl,
          general_overflow_altar, skrybe_limestone_x, uniq_sigmund

Skill      XL: |  1  2  3  4 |
---------------+-------------+-----
Stealth        | 2 |  2.6
Dodging        | 2 |  2.6
Fire Magic     | 3 |  3.3
Conjurations   | 2 |  2.3
Armour         | |  0.1
Spellcasting   | |  2.7

Action                     |  1- 3 |  4- 6 || total
---------------------------+-------+-------++-------
  Melee: Unarmed           |    20 |       ||    20
         Short sword       |    69 |    25 ||    94
         Punch             |     1 |       ||     1
   Cast: Foxfire           |    55 |    45 ||   100
         Scorch            |       |     4 ||     4
    Use: Scroll            |     5 |       ||     5
         Potion            |     1 |     3 ||     4
   Stab: Sleeping          |     1 |     2 ||     3
 Armour: Robe              |    24 |    15 ||    39
  Dodge: Dodged            |    77 |    37 ||   114

Table legend: (Time is in decaauts)
 A = Elapsed time spent in this place.
 B = Non-inter-level travel time spent in this place.
 C = Inter-level travel time spent in this place.
 D = Time resting spent in this place.
 E = Time spent auto-exploring this place.
 F = Levels seen in this place.
 G = Mean time per level.
                   A        B        C        D        E       F      G
               +--------+--------+--------+--------+--------+-----+--------+
         Total |   2373 |   2344 |     29 |    282 |   1314 |   3 |  791.0 |
       Dungeon |   2373 |   2344 |     29 |    282 |   1314 |   3 |  791.0 |
               +--------+--------+--------+--------+--------+-----+--------+

Top non-repeatable levels by time:
     D:1: 1194 daAuts
     D:2: 665 daAuts
     D:3: 513 daAuts
